 Dungeon Crawl Stone Soup version 0.28.0-53-g5a82cb258f (webtiles) character file.

Game seed: 15531412231395482146

144 Scuddy the Chopper (level 5, -4/41 HPs)
             Began as a Demonspawn Fighter on July 4, 2022.
             Slain by a gnoll
             ... wielding a +0 flail
              (5 damage)
             ... on level 4 of the Dungeon.
             The game lasted 00:05:37 (2903 turns).

Scuddy the Chopper (Demonspawn Fighter)             Turns: 2903, Time: 00:05:38

Health: -4/41      AC: 10    Str: 16    XL:     5   Next: 5%
Magic:  5/5        EV:  8    Int: 11    God:
Gold:   52         SH:  5    Dex: 13    Spells: 4/4 levels left

rFire   . . .      SeeInvis .   g - +1 hand axe (elec)
rCold   . . .      Faith    .   c - +0 buckler
rNeg    . . .      Spirit   .   b - +0 scale mail
rPois   .          Reflect  .   (no helmet)
rElec   .          Harm     .   (no cloak)
rCorr   .          Rampage  .   n - +0 pair of gloves
Will    .....                   (no boots)
Stlth   ..........              (no amulet)
HPRegen 0.13/turn               (no ring)
MPRegen 0.09/turn               (no ring)

@: no status effects
A: slimy green scales 1, demonic magic 1
a: no special abilities


You were on level 4 of the Dungeon.
You visited 1 branch of the dungeon, and saw 4 of its levels.

You collected 97 gold pieces.
You spent 45 gold pieces at shops.

Inventory:

Hand Weapons
 g - a +1 hand axe of electrocution (weapon)
Armour
 b - a +0 scale mail (worn)
 c - a +0 buckler (worn)
 n - a +0 pair of gloves (worn)
Magical Staves
 l - a staff of poison
Jewellery
 f - an amulet of regeneration
 h - a ring of ice
Scrolls
 a - 3 scrolls of identify {unknown}
 i - 4 scrolls of teleportation {unknown}
 k - a scroll of brand weapon {unknown}
 m - a scroll of enchant weapon {unknown}
 p - a scroll of silence {unknown}
Potions
 d - a potion of might
 e - 2 potions of curing {unknown}
 j - a potion of attraction {unknown}
 o - a potion of heal wounds {unknown}
 q - a potion of invisibility {unknown}


   Skills:
 - Level 3.0 Fighting
 * Level 3.8 Axes
 + Level 3.2 Armour
 + Level 3.5 Shields


You had 4 spell levels left.
You didn't know any spells.
Your spell library was empty.

Dungeon Overview and Level Annotations

Branches:
Dungeon (4/15)
 Temple: D:4-7

Altars:
Ashenzari
Qazlal
Zin

Shops:
D:2 *   D:3 :


Innate Abilities, Weirdness & Mutations

You are partially covered in slimy green scales. (AC +2)
Spells you cast may paralyse adjacent enemies.


Message History

You hit the gnoll. x2; Lightning courses through the gnoll!
You block the gnoll's attack. x2
You barely miss the gnoll.
The gnoll is almost dead.
You hit the gnoll. x2; The gnoll barely misses you. x2
The gnoll closely misses you.
You slash the gnoll!
You kill the gnoll!
You hit the gnoll but do no damage. You hit the gnoll.
The gnoll barely misses you. The gnoll hits you with a +0 flail. x2
The gnoll hits you from afar with a +0 spear.
The gnoll barely misses you.
You hit the gnoll.
You kill the gnoll!
You hit the gnoll but do no damage. The gnoll hits you with a +0 flail.
The gnoll hits you from afar with a +0 spear.
Found a robe.
You block the gnoll's attack. The gnoll hits you with a +0 spear.
* * * LOW HITPOINT WARNING * * *
You slash the gnoll!
The gnoll is severely wounded.
You hit the gnoll. The gnoll closely misses you. You block the gnoll's attack.
The gnoll barely misses you.
You hit the gnoll.
The gnoll is almost dead.
You hit the gnoll but do no damage. The gnoll hits you with a +0 spear.
* * * LOW HITPOINT WARNING * * *
The gnoll closely misses you.
You hit the gnoll. Lightning courses through the gnoll!
You kill the gnoll!
You closely miss the gnoll. The gnoll hits you with a +0 flail.
* * * LOW HITPOINT WARNING * * *
You have reached level 5!
You barely miss the gnoll.
The gnoll is heavily wounded.
The gnoll hits you with a +0 flail.
* * * LOW HITPOINT WARNING * * *
You completely miss the gnoll.
The gnoll is heavily wounded.
The gnoll hits you with a +0 flail.
You die...

################
#........$......
#...............
#...............
#......)g......[
#..<....@)......
#.......).......
#.....?.........
##.#############
##


You could see a gnoll.

Vanquished Creatures
  3 gnolls (D:4)
  3 adders
  3 worms
  A dart slug (D:1)
  3 orcs (D:3)
  3 ball pythons
  8 endoplasms
  4 giant cockroaches
  8 goblins
  6 hobgoblins
  2 jackals (D:1)
  4 quokkas (D:1)
  6 bats
  4 frilled lizards
  4 kobolds
  10 rats
72 creatures vanquished.

Notes
Turn   | Place    | Note
-------+----------+-------------------------------------------
     0 | D:1      | Scuddy the Demonspawn Fighter began the quest for the Orb.
     0 | D:1      | Reached XP level 1. HP: 18/18 MP: 1/1
   162 | D:1      | Gained mutation: Spells you cast may paralyse adjacent
                  | enemies. [demonic ancestry]
   162 | D:1      | Reached XP level 2. HP: 22/24 MP: 2/2
   783 | D:1      | Reached XP level 3. HP: 29/29 MP: 3/3
  1295 | D:2      | Found Qoahism's General Store.
  1304 | D:2      | Bought a +0 pair of gloves for 45 gold pieces
  1351 | D:2      | Gained mutation: You are partially covered in slimy green
                  | scales. (AC +2) [demonic ancestry]
  1351 | D:2      | Reached XP level 4. HP: 33/35 MP: 4/4
  1413 | D:2      | Found a faded altar of an unknown god.
  1686 | D:3      | Found a broken altar of Ashenzari.
  2172 | D:3      | Found Qangetegg's Book Emporium.
  2532 | D:3      | Found a stormy altar of Qazlal.
  2902 | D:4      | Reached XP level 5. HP: 7/41 MP: 5/5
  2902 | D:4      | HP: 1/41 [gnoll/+0 flail (6)]
  2903 | D:4      | Slain by a gnoll

Illustrated notes

Levels and vault maps discovered:
D:1:      minmay_arrival_solitary_statue, layout_basic, lemuel_old_faithful
D:2:      layout_rooms, hellmonk_ecumenical_altar_run_dry, serial_shops,
          nicolae_shop_statue_plus
D:3:      layout_basic, nicolae_qazlal_eye_of_the_storm,
          grunt_temple_overflow_open, serial_shops, shop
D:4:      nicolae_BIG_FREAKIN_CUBE, layout_gridville, serial_shops,
          nicolae_stop_n_shop_1

Skill      XL: |  1  2  3  4 |
---------------+-------------+-----
Axes           | 2 3 |  3.8
Shields        | 3 |  3.5
Armour         | 3 |  3.2
Fighting       | |  3.0

Action                   |  1- 3 |  4- 6 || total
-------------------------+-------+-------++-------
Melee: War axe           |    31 |       ||    31
       Hand axe          |    59 |    97 ||   156
Armor: Scale mail        |    46 |    33 ||    79
Dodge: Dodged            |    35 |    32 ||    67
Block: Buckler           |    21 |    24 ||    45
